 Dungeon Crawl Stone Soup version bcrawl-1.12-10-g10a67aac0f (webtiles) character file.

Game seed: 1474944301937314325

63 Freyura the Skirmisher (level 4, -7/61 HPs)
             Began as a Hill Orc Fighter on June 13, 2019.
             Mangled by Crazy Yiuf
             ... wielding a +4 quarterstaff of chaos
              (9 damage)
             ... on level 2 of the Dungeon.
             The game lasted 00:04:01 (1398 turns).

Freyura the Skirmisher (Hill Orc Fighter)           Turns: 1398, Time: 00:04:02

Health: -7/61      AC: 22    Str: 23    XL:     4   Next: 9%
Magic:  4/4        EV:  2    Int:  8    God:
Gold:   107        SH:  9    Dex: 11    Spells: 3/3 levels left

rFire    . . .     SeeInvis .   a - +0 war axe
rCold    . . .     Gourm    .   c - +0 shield
rNeg     + + +     Faith    .   (armour currently unavailable)
rPois    +         Spirit   .   (helmet currently unavailable)
rElec    .         Reflect  .   (cloak currently unavailable)
rCorr    .         Harm     .   (gloves currently unavailable)
MR       .....     NoTele   +   (boots currently unavailable)
Stlth    +.........             (no amulet)
HPRegen  0.20/turn              k - ring of poison resistance
MPRegen  0.09/turn              l - +2 ring of evasion

@: mighty, tree-form
A: no striking features
a: no special abilities


You were on level 2 of the Dungeon.
You were hungry.
You were a tree.
You visited 1 branch of the dungeon, and saw 2 of its levels.

You collected 107 gold pieces.

Inventory:

Hand Weapons
 a - a +0 war axe (weapon)
Armour
 b - a +0 scale mail (melded)
 c - a +0 shield (worn)
Jewellery
 k - a ring of poison resistance (left branch)
 l - a +2 ring of evasion (right branch)
Scrolls
 e - a scroll of identify {unknown}
 g - a scroll of blinking {unknown}
 h - 3 scrolls of remove curse {unknown}
 j - a scroll of teleportation {unknown}
Potions
 i - 2 potions of curing {unknown}
Comestibles
 f - 5 rations {!d}


   Skills:
 + Level 4.8 Fighting
   Level 4.8 Short Blades
   Level 4.8 Long Blades
   Level 4.8 Axes
   Level 4.8 Maces & Flails
   Level 4.8 Polearms
   Level 4.8 Staves
 + Level 3.8 Armour
 + Level 3.7 Shields
   Level 4.8 Unarmed Combat


You had 3 spell levels left.
You didn't know any spells.
Your spell library was empty.

Dungeon Overview and Level Annotations

Branches:
Dungeon (2/12)

Altars:

Annotations:
D:2 Crazy Yiuf


Message History

Crazy Yiuf completely misses you.
Crazy Yiuf hits you with a +4 quarterstaff of chaos.
Crazy Yiuf freezes you.
You barely miss Crazy Yiuf.
Crazy Yiuf is moderately wounded.
Crazy Yiuf barely misses you. x2
You closely miss Crazy Yiuf.
Crazy Yiuf is moderately wounded.
Crazy Yiuf hits you with a +4 quarterstaff of chaos.
Crazy Yiuf hits you with a +4 quarterstaff of chaos!
* * * LOW HITPOINT WARNING * * *
You turn into a tree.
Your +0 scale mail melds into your body.
Your roots penetrate the ground.
You completely miss Crazy Yiuf.
Crazy Yiuf is moderately wounded.
Crazy Yiuf hits you with a +4 quarterstaff of chaos.
* * * LOW HITPOINT WARNING * * *
Crazy Yiuf hits you with a +4 quarterstaff of chaos!
You die...

.### #.# ♣....♣ ## #.#
♣♣...♣ ## #.# ♣♣.♣♣ .##
#.# ♣♣.♣ #.## ♣.♣♣
.#.## ♣♣.♣ ..#.## ♣.♣♣
#..#.## ##'## .#..#.##
#. #.♣.# #.#..#.###.#
#.g.# #.#.###
##.#..#.##.# #)..#
#.....# ###......#.#
##### #.....#
#.#..#.#+#.# #.....#
#..#.###
#.###########.....#####
.#.###
#...##.#.##.#......>..#
.###
#†..........#(........#
##
#.#.##.#.#......<.....#


You could see Crazy Yiuf (berserk).

Vanquished Creatures
  An adder (D:2)
  An ooze (D:1)
  2 worms (D:1)
  A dart slug (D:1)
  3 leopard geckos
  3 orcs (D:2)
  A giant cockroach (D:1)
  7 goblins
  A hobgoblin (D:2)
  4 jackals
  3 bats (D:1)
  2 frilled lizards (D:2)
  2 kobolds
  3 rats
34 creatures vanquished.

Notes
Turn   | Place    | Note
-------+----------+-------------------------------------------
     0 | D:1      | Freyura the Hill Orc Fighter began the quest for the Orb.
     0 | D:1      | Reached XP level 1. HP: 20/20 MP: 1/1
   291 | D:1      | Reached XP level 2. HP: 28/28 MP: 2/2
   453 | D:1      | Reached XP level 3. HP: 34/34 MP: 3/3
  1368 | D:2      | Reached XP level 4. HP: 41/41 MP: 4/4
  1387 | D:2      | Found a runed door.
  1392 | D:2      | Noticed Crazy Yiuf
  1398 | D:2      | HP: 2/61 [Crazy Yiuf/+4 quarterstaff of chaos (3)]
  1398 | D:2      | Mangled by Crazy Yiuf

Action                   |  1- 3 |  4- 6 || total
-------------------------+-------+-------++-------
Melee: War axe           |   104 |     6 ||   110
  Use: Potion            |       |     1 ||     1
  Eat: Chunk             |     1 |       ||     1
Armor: Scale mail        |    52 |       ||    52
Dodge: Dodged            |    39 |     3 ||    42
Block: Shield            |    53 |     2 ||    55
